 Dungeon Crawl Stone Soup version 0.23.2-40-g277498a001 (webtiles) character file.

Game seed: 8957014615308667399

39403 FishyPogo the Martial Artist (level 14, 0/108 HPs)
             Began as a Gnoll Transmuter on Aug 15, 2019.
             Was the Champion of Okawaru.
             Slain by Rupert
             ... wielding a +2 battleaxe of flaming
              (39 damage)
             ... on level 4 of the Lair of Beasts on Aug 16, 2019.
             The game lasted 02:22:24 (22155 turns).

FishyPogo the Martial Artist (Gnoll Transmuter)    Turns: 22155, Time: 02:22:24

Health: 0/108      AC:  2    Str: 20    XL:     14   Next: 6%
Magic:  26/28      EV: 35    Int: 18    God:    Okawaru [******]
Gold:   907        SH:  0    Dex: 24    Spells: 6/33 levels left

rFire    . . .     SeeInvis .     - Unarmed
rCold    . . .     Gourm    .   (shield currently unavailable)
rNeg     + . .     Faith    +   (armour currently unavailable)
rPois    .         Spirit   .   (helmet currently unavailable)
rElec    .         Reflect  .   (cloak currently unavailable)
rCorr    .         Harm     .   (gloves currently unavailable)
MR       +....                  (boots currently unavailable)
Stlth    +++++.....             h - amulet of Kindness {Faith *Drain rPois rN+ Dex+3}
HPRegen  0.28/turn              g - +3 ring of evasion
MPRegen  0.21/turn              u - +5 ring of strength

@: spider-form
A: tiny, distributed training, strong nose
a: End Transformation, Heroism, Finesse, Renounce Religion


You were on level 4 of the Lair of Beasts.
You worshipped Okawaru.
Okawaru was exalted by your worship.
You were hungry.
You were a venomous arachnid creature.
You visited 3 branches of the dungeon, and saw 16 of its levels.
You also visited: Bailey and Volcano.

You collected 1755 gold pieces.
You spent 848 gold pieces at shops.

Inventory:

Hand Weapons
 a - a +5 short sword of venom
 b - the +8 longbow "Sacilet" (melded) {venom, rN+}
   (You found it on level 5 of the Dungeon)

   It poisons the ammo it fires.
   It protects you from negative energy.
Missiles
 c - 257 arrows
 i - 19 stones
 j - 31 tomahawks (quivered)
 l - 72 tomahawks of returning
 p - 3 throwing nets
 q - 4 javelins
 X - 6 poisoned javelins
Armour
 f - a +0 pair of gloves (melded)
 v - a +1 hat of see invisible (melded)
 y - a +1 cloak
 A - a +0 pair of boots (melded)
 D - +0 fire dragon scales
 S - the +0 shield "Oveqoch" {rC++ Dex-4}
   (Okawaru gifted it to you on level 3 of the Lair of Beasts)

   It affects your dexterity (-4).
   It greatly protects you from cold.
 U - a +4 scale mail (melded)
 Z - a scarf of repulsion (melded)
Jewellery
 g - a +3 ring of evasion (left front leg)
 h - the amulet of Kindness (around neck) {Faith *Drain rPois rN+ Dex+3}
   (You bought it in a shop on level 2 of the Orcish Mines)

   [amulet of faith]

   It allows you to gain divine favour quickly.
   It affects your dexterity (+3).
   It protects you from poison.
   It protects you from negative energy.
   It causes draining when unequipped.
 o - an uncursed ring of flight
 u - a +5 ring of strength (right front leg)
 z - an uncursed ring of positive energy
 Q - an uncursed ring of protection from cold
Wands
 m - a wand of iceblast (9)
 w - a wand of flame (12)
 B - a wand of polymorph (12)
 M - a wand of paralysis (28)
 N - a wand of acid (7)
Scrolls
 n - a scroll of acquirement {unknown}
 x - 7 scrolls of identify
 E - 3 scrolls of enchant armour
 I - 3 scrolls of teleportation
 P - 3 scrolls of fear
 T - a scroll of blinking
 V - a scroll of enchant weapon
 Y - 4 scrolls of remove curse
Potions
 k - 13 potions of curing
 r - 4 potions of might {unknown}
 t - 2 potions of flight
 F - 4 potions of invisibility {unknown}
 G - a potion of cancellation {unknown}
 H - 4 potions of magic
 J - 4 potions of agility
 K - a potion of haste {unknown}
 L - 2 potions of degeneration {unknown}
 O - 2 potions of lignification
 W - a potion of resistance {unknown}
Miscellaneous
 e - a lamp of fire (inert)
Comestibles
 d - 26 rations


   Skills:
 + Level 9.1 Fighting
 + Level 8.7 Short Blades
 + Level 8.7 Long Blades
 + Level 8.7 Axes
 + Level 8.7 Maces & Flails
 + Level 8.7 Polearms
 + Level 8.7 Staves
 + Level 8.7 Slings
 + Level 8.7 Bows
 + Level 8.7 Crossbows
 + Level 8.7 Throwing
 + Level 8.7 Armour
 + Level 9.8 Dodging
 + Level 8.7 Stealth
 + Level 8.7 Shields
 + Level 10.8 Unarmed Combat
 + Level 10.0 Spellcasting
 + Level 7.2 Conjurations
 + Level 7.2 Hexes
 + Level 7.2 Charms
 + Level 7.2 Summonings
 + Level 7.2 Necromancy
 + Level 7.2 Translocations
 + Level 8.3 Transmutations
 + Level 7.2 Fire Magic
 + Level 7.2 Ice Magic
 + Level 7.2 Air Magic
 + Level 7.2 Earth Magic
 + Level 7.2 Poison Magic
 + Level 9.5 Invocations
 + Level 8.7 Evocations


You had 6 spell levels left.
You knew the following spells:

 Your Spells              Type           Power        Failure   Level  Hunger
a - Throw Flame           Conj/Fire      #####.       4%          2    None
b - Confuse               Hex            #####...     6%          3    None
c - Vampiric Draining     Necr           #####.....   6%          3    None
d - Beastly Appendage     Tmut           #####.       2%          1    None
e - Spider Form           Tmut/Pois      #####.....   5%          3    None
f - Pain                  Necr           ####         3%          1    None
g - Animate Skeleton      Necr           N/A          3%          1    None
h - Conjure Flame         Conj/Fire      #####...     6%          3    None
i - Ice Form              Ice/Tmut       #####...     11%         4    ###....
j - Mephitic Cloud        Conj/Pois/Air  #####...     6%          3    None
k - Gell's Gravitas       Tloc           #####.....   6%          3    None

Your spell library contained the following spells:

 Spells                   Type           Power        Failure   Level  Hunger
 Confusing Touch          Hex            #####.       3%          1    None
 Flame Tongue             Conj/Fire      #####        3%          1    None
 Magic Dart               Conj           ####         3%          1    None
 Sticks to Snakes         Tmut           #####...     3%          2    None
 Blink                    Tloc           N/A          4%          2    None
 Call Imp                 Summ           #####...     4%          2    None
 Slow                     Hex            #####...     4%          2    None
 Inner Flame              Hex/Fire       #####...     6%          3    None
 Regeneration             Chrm/Necr      #####.....   6%          3    None
 Petrify                  Tmut/Erth      #####...     11%         4    ###....
 Animate Dead             Necr           N/A          13%         4    ###....
 Sticky Flame             Conj/Fire      #####...     13%         4    ###....
 Blade Hands              Tmut           #####.....   21%         5    #####..
 Yara's Violent Unravell  Hex/Tmut       #####.....   22%         5    #####..
 Dispel Undead            Necr           #####...     26%         5    #####..
 Fireball                 Conj/Fire      #####.....   26%         5    #####..
 Lee's Rapid Deconstruct  Erth           #####.....   26%         5    #####..
 Metabolic Englaciation   Hex/Ice        #####.....   26%         5    #####..
 Simulacrum               Ice/Necr       #####.....   73%         6    ######.


Dungeon Overview and Level Annotations

Branches:
Dungeon (10/15)            Temple (0/1) D:5            Lair (4/6) D:9
 Shoals (0/4) Lair:2          Orc (2/2) D:10            Elf (0/3) Orc:2
  Snake: Lair:2-4    Spider: Lair:2-4

Altars:
Fedhas
Gozag
Kikubaaqudgha
Nemelex Xobeh
Okawaru
Sif Muna
Trog
Wu Jian
Xom

Shops:
D:8 *   D:9 *   Orc:2 }}(=

Annotations:
Lair:2 exclusions: door and 3 more exclusions
Lair:4 Rupert


Innate Abilities, Weirdness & Mutations

Your experience applies equally to all skills.
((You have very sharp teeth.))
Your uncanny sense of smell can sniff out nearby items.


Message History

Your +0 pair of gloves melds into your body.
Your +0 pair of boots melds into your body.
Your +4 scale mail melds into your body.
The +8 longbow "Sacilet" {venom, rN+} stops dripping with poison.
The haze of the repulsion field disappears.
You feel less perceptive.
You bite Rupert!
Rupert is severely wounded.
Rupert hits you with a +2 battleaxe of flaming!!
Rupert burns you!
You bite Rupert!
Rupert looks as sick as possible!
Rupert is almost dead.
Rupert completely misses you.
You hit Rupert but do no damage.
Rupert looks as sick as possible!
Rupert is almost dead.
Rupert completely misses you.
You bite Rupert!
Rupert is almost dead.
Rupert hits you with a +2 battleaxe of flaming!!!
You die...

......
@..#..........(.(
..#.#..>.........
........(..
#......(...
.....(....
##............#
#####...@..# ##...
#..#...s## ....#
##........# ....#
#.....#.รท.# ...#
#P..###...####...#
##### #....#.#...#
###...#....#
##......## ##
#8.<.
##......###.$
##..%.
##....#.....


You could see Rupert (berserk).

Vanquished Creatures
  Gastronok (Lair:3)
  A fire dragon (Lair:1)
  Harold (D:10)
  A hydra (Lair:3)
  5 two-headed ogres
  Urug (D:10)
  5 orc high priests (Orc:2)
  An unseen horror (D:10)
  A deep elf archer (D:9)
  4 lindwurms (D:8)
  Pikel (D:8)
  7 orc knights
  A manticore (D:9)
  Psyche (D:8)
  2 black mambas
  3 spiny frogs
  2 komodo dragons
  A polar bear (Lair:2)
  3 trolls
  4 blink frogs (Lair:2)
  4 hippogriffs
  A wraith (D:10)
  21 yaks
  2 wyverns
  Grum (D:8)
  8 fire bats (Lair:1)
  2 basilisks (Lair:2)
  A vampire mosquito (D:9)
  2 hungry ghosts
  An acid dragon (D:9)
  2 soldier ants
  3 water moccasins
  2 hell hounds (Lair:3)
  6 porcupines
  4 slaves (D:8)
  A black bear (D:6)
  33 orc warriors
  4 ice beasts
  5 sky beasts
  10 ogres
  2 necrophages
  6 wolves
  6 centaurs
  4 crocodiles
  12 bullfrogs
  A wyvern zombie (D:6)
  8 scorpions
  24 killer bees
  7 wights
  2 howler monkeys
  2 centaur zombies
  7 crimson imps
  A lava snake (Lair:1)
  A bullfrog zombie (D:9)
  A quasit (D:6)
  5 hounds
  29 orc priests
  8 jellies
  A bullfrog skeleton (D:5)
  5 orc wizards
  2 centaur skeletons
  Natasha (thrice) (D:2)
  Terence (D:2)
  2 iguanas
  7 worker ants
  A hound zombie (D:5)
  A hound skeleton (D:6)
  Robin (D:2)
  A worker ant zombie (D:9)
  10 adders
  14 gnolls
  2 shadow imps
  7 oozes (D:2)
  2 adder skeletons
  2 worms
  3 dart slugs
  6 leopard geckos
  74 orcs
  4 giant cockroaches
  18 goblins
  15 hobgoblins
  15 jackals
  4 quokkas
  A ball python (D:1)
  3 bats
  2 frilled lizards
  A jackal skeleton (D:5)
  29 kobolds
  15 rats
537 creatures vanquished.

Vanquished Creatures (collateral kills)
  A worm (D:2)
1 creature vanquished.

Vanquished Creatures (others)
  An orc priest (Orc:1)
  A fungus (D:2)
  A plant (Lair:3)
  9 toadstools (D:2)
12 creatures vanquished.

Grand Total: 550 creatures vanquished

Notes
Turn   | Place    | Note
-------+----------+-------------------------------------------
     0 | D:1      | FishyPogo the Gnoll Transmuter began the quest for the Orb.
     0 | D:1      | Reached XP level 1. HP: 17/17 MP: 6/6
   285 | D:1      | Reached XP level 2. HP: 1/23 MP: 2/7
   289 | D:1      | HP: 1/23 [bat (1)]
   621 | D:1      | Learned a level 2 spell: Sticks to Snakes
  1137 | D:2      | Reached XP level 3. HP: 23/28 MP: 9/9
  1162 | D:2      | Reached skill level 5 in Spellcasting
  1732 | D:1      | Reached skill level 1 in Invocations
  1966 | D:2      | Learned a level 3 spell: Spider Form
  1989 | D:2      | Reached skill level 1 in Short Blades
  1989 | D:2      | Reached skill level 1 in Long Blades
  1989 | D:2      | Reached skill level 1 in Axes
  1989 | D:2      | Reached skill level 1 in Maces & Flails
  1989 | D:2      | Reached skill level 1 in Polearms
  1989 | D:2      | Reached skill level 1 in Staves
  1989 | D:2      | Reached skill level 1 in Slings
  1989 | D:2      | Reached skill level 1 in Bows
  1989 | D:2      | Reached skill level 1 in Crossbows
  1989 | D:2      | Reached skill level 1 in Throwing
  1989 | D:2      | Reached skill level 1 in Armour
  1989 | D:2      | Reached skill level 1 in Stealth
  1989 | D:2      | Reached skill level 1 in Shields
  1989 | D:2      | Reached skill level 1 in Evocations
  2175 | D:2      | Reached XP level 4. HP: 34/34 MP: 4/11
  2311 | D:2      | Noticed Terence
  2357 | D:2      | Noticed Natasha
  2385 | D:2      | Noticed Robin
  2403 | D:2      | Killed Robin
  2774 | D:2      | Reached skill level 1 in Conjurations
  2774 | D:2      | Reached skill level 1 in Hexes
  2774 | D:2      | Reached skill level 1 in Charms
  2774 | D:2      | Reached skill level 1 in Summonings
  2774 | D:2      | Reached skill level 1 in Necromancy
  2774 | D:2      | Reached skill level 1 in Translocations
  2774 | D:2      | Reached skill level 1 in Fire Magic
  2774 | D:2      | Reached skill level 1 in Ice Magic
  2774 | D:2      | Reached skill level 1 in Air Magic
  2774 | D:2      | Reached skill level 1 in Earth Magic
  2774 | D:2      | Reached skill level 1 in Poison Magic
  2790 | D:2      | Reached XP level 5. HP: 33/40 MP: 3/12
  3399 | D:2      | Killed Natasha
  3399 | D:2      | Reached XP level 6. HP: 45/47 MP: 9/13
  3433 | D:2      | Killed Terence
  4068 | D:2      | Noticed Natasha
  4076 | D:2      | Killed Natasha
  4217 | D:2      | Noticed Natasha
  4221 | D:2      | Killed Natasha
  4221 | D:2      | Reached skill level 5 in Dodging
  4669 | D:3      | Found a deep blue altar of Sif Muna.
  5504 | D:4      | Reached XP level 7. HP: 52/52 MP: 15/15
  5659 | D:4      | Found a shimmering altar of Xom.
  5893 | D:5      | Entered Level 5 of the Dungeon
  5904 | D:5      | You fall through a shaft!
  5905 | D:6      | Noticed a wyvern
  6041 | D:6      | Found an ancient bone altar of Kikubaaqudgha.
  6159 | D:6      | Reached XP level 8. HP: 60/60 MP: 16/16
  6370 | D:5      | Noticed a moth of wrath
  6428 | D:5      | Found a bloodstained altar of Trog.
  6544 | D:5      | Found a sparkling altar of Nemelex Xobeh.
  6555 | D:5      | Found an ornate altar of the Wu Jian Council.
  6568 | D:5      | Found an iron altar of Okawaru.
  6572 | D:5      | Found a blossoming altar of Fedhas.
  6592 | D:5      | Became a worshipper of Warmaster Okawaru
  6710 | D:5      | Found a staircase to the Ecumenical Temple.
  6717 | D:5      | Identified the Grimoire of Dusty Stolen Souls
  6737 | D:5      | Learned a level 3 spell: Vampiric Draining
  6741 | D:5      | Learned a level 3 spell: Confuse
  6830 | D:5      | Got a blackened longbow
  6836 | D:5      | Identified the +8 longbow "Sacilet" {venom, rN+} (You found
                  | it on level 5 of the Dungeon)
  7338 | D:6      | Reached XP level 9. HP: 66/66 MP: 14/18
  7341 | D:6      | Learned a level 1 spell: Pain
  7476 | D:6      | Reached skill level 5 in Transmutations
  7520 | D:6      | Reached * piety under Okawaru
  7807 | D:6      | Learned a level 1 spell: Animate Skeleton
  8275 | D:6      | Reached ** piety under Okawaru
  8275 | D:6      | Reached skill level 5 in Fighting
  8764 | D:7      | Got a spiked leather armour
  8775 | D:7      | Identified the +1 leather armour of the Earth {Str+4} (You
                  | found it on level 7 of the Dungeon)
  9111 | D:7      | Reached skill level 5 in Invocations
  9331 | D:8      | Noticed a lindwurm
  9388 | D:8      | Reached XP level 10. HP: 59/74 MP: 20/20
  9447 | D:8      | Found Gozag's Platinum Reserve.
  9506 | D:8      | Noticed a two-headed ogre
  9525 | D:8      | Killed a two-headed ogre
  9525 | D:8      | Reached *** piety under Okawaru
  9525 | D:8      | Reached skill level 5 in Short Blades
  9525 | D:8      | Reached skill level 5 in Long Blades
  9525 | D:8      | Reached skill level 5 in Axes
  9525 | D:8      | Reached skill level 5 in Maces & Flails
  9525 | D:8      | Reached skill level 5 in Polearms
  9525 | D:8      | Reached skill level 5 in Staves
  9525 | D:8      | Reached skill level 5 in Slings
  9525 | D:8      | Reached skill level 5 in Bows
  9525 | D:8      | Reached skill level 5 in Crossbows
  9525 | D:8      | Reached skill level 5 in Throwing
  9525 | D:8      | Reached skill level 5 in Armour
  9525 | D:8      | Reached skill level 5 in Stealth
  9525 | D:8      | Reached skill level 5 in Shields
  9525 | D:8      | Reached skill level 5 in Evocations
  9644 | D:8      | Found an opulent altar of Gozag.
  9710 | D:8      | Noticed a two-headed ogre
  9719 | D:8      | Killed a two-headed ogre
  9719 | D:8      | Received a gift from Okawaru
  9799 | D:8      | Noticed Grum
  9828 | D:8      | Received a gift from Okawaru
  9836 | D:8      | Killed Grum
 10022 | D:8      | Noticed Psyche
 10267 | D:8      | Killed Psyche
 10306 | D:8      | Noticed Pikel
 10347 | D:8      | Killed Pikel
 10484 | D:8      | Learned a level 3 spell: Conjure Flame
 10489 | D:8      | Learned a level 4 spell: Ice Form
 10493 | D:8      | Learned a level 3 spell: Mephitic Cloud
 10509 | D:8      | Noticed a lindwurm
 10530 | D:8      | Noticed a lindwurm
 10538 | D:8      | Killed a lindwurm
 10538 | D:8      | Reached **** piety under Okawaru
 10538 | D:8      | Reached XP level 11. HP: 82/82 MP: 22/22
 10545 | D:8      | Noticed a lindwurm
 10566 | D:8      | Killed a lindwurm
 10569 | D:8      | Killed a lindwurm
 10569 | D:8      | Reached ***** piety under Okawaru
 10577 | D:8      | Killed a lindwurm
 10655 | D:9      | Reached skill level 5 in Conjurations
 10655 | D:9      | Reached skill level 5 in Hexes
 10655 | D:9      | Reached skill level 5 in Charms
 10655 | D:9      | Reached skill level 5 in Summonings
 10655 | D:9      | Reached skill level 5 in Necromancy
 10655 | D:9      | Reached skill level 5 in Translocations
 10655 | D:9      | Reached skill level 5 in Fire Magic
 10655 | D:9      | Reached skill level 5 in Ice Magic
 10655 | D:9      | Reached skill level 5 in Air Magic
 10655 | D:9      | Reached skill level 5 in Earth Magic
 10655 | D:9      | Reached skill level 5 in Poison Magic
 10848 | D:9      | Noticed a two-headed ogre
 10848 | D:9      | Noticed a manticore
 10896 | D:9      | Killed a two-headed ogre
 11047 | D:9      | Received a gift from Okawaru
 11104 | D:9      | Noticed a deep elf archer
 11120 | D:9      | Killed a deep elf archer
 11323 | D:9      | Found a flagged portal.
 11336 | Bailey   | Entered a bailey
 11526 | Bailey   | Noticed an orc knight
 11552 | Bailey   | Killed an orc knight
 12102 | D:9      | Killed a manticore
 12146 | D:9      | Found a staircase to the Lair.
 12308 | D:9      | Reached XP level 12. HP: 91/91 MP: 21/24
 12347 | D:9      | Received a gift from Okawaru
 12532 | D:9      | Found Potwud's General Store.
 12723 | D:10     | Entered Level 10 of the Dungeon
 12953 | D:10     | Noticed Harold
 12967 | D:10     | Killed Harold
 12967 | D:10     | Reached ****** piety under Okawaru
 12967 | D:10     | Received a gift from Okawaru
 13517 | D:10     | Noticed a two-headed ogre
 13535 | D:10     | Killed a two-headed ogre
 13642 | D:10     | Found a staircase to the Orcish Mines.
 14033 | Lair:1   | Entered Level 1 of the Lair of Beasts
 14710 | Lair:2   | Reached skill level 10 in Unarmed Combat
 15460 | Lair:1   | Noticed a fire dragon
 15676 | Lair:1   | Killed a fire dragon
 15838 | Lair:1   | Reached XP level 13. HP: 98/98 MP: 26/26
 16297 | Lair:2   | Found a staircase to the Shoals.
 16582 | Lair:3   | Noticed Gastronok
 16628 | Lair:3   | Received a gift from Okawaru
 16632 | Lair:3   | Got a spiked shield {god gift}
 16638 | Lair:3   | Identified the +0 shield "Oveqoch" {rC++ Dex-4} (Okawaru
                  | gifted it to you on level 3 of the Lair of Beasts)
 17246 | Lair:3   | Killed Gastronok
 17250 | Lair:3   | Found a dark tunnel.
 17262 | Volcano  | Entered a volcano
 17731 | Lair:4   | Noticed Rupert
 17921 | Orc:1    | Entered Level 1 of the Orcish Mines
 17921 | Orc:1    | Noticed Urug
 18419 | D:10     | Killed Urug
 19037 | Orc:2    | Entered Level 2 of the Orcish Mines
 19135 | Orc:2    | Found a staircase to the Elven Halls.
 19541 | Orc:1    | You fall through a shaft!
 21136 | Orc:2    | Learned a level 2 spell: Throw Flame
 21275 | Orc:2    | Received a gift from Okawaru
 21329 | Orc:2    | Reached skill level 10 in Spellcasting
 21355 | Orc:2    | Reached XP level 14. HP: 59/108 MP: 2/28
 21538 | Orc:2    | Found Ybesujox's Gadget Emporium.
 21541 | Orc:2    | Found Kiath's Weapon Shoppe.
 21542 | Orc:2    | Found Geidgh's Gadget Emporium.
 21543 | Orc:2    | Found Zaon's Jewellery Emporium.
 21549 | Orc:2    | Bought a cursed ring of teleportation for 63 gold pieces
 21564 | Orc:2    | Bought the amulet of Kindness {Faith *Drain rPois rN+
                  | Dex+3} for 785 gold pieces
 21694 | Orc:1    | Learned a level 3 spell: Gell's Gravitas
 22155 | Lair:4   | Slain by Rupert

Skill      XL: |  1  2  3  4  5  6  7  8  9 10 11 12 13 |
---------------+----------------------------------------+-----
Spellcasting   | 5 6 7 8 9 10 | 10.0
Invocations    | 1 2 3 4 5 6 7 8 9 |  9.5
Short Blades   | 1 2 3 4 5 6 7 8 |  8.7
Long Blades    | 1 2 3 4 5 6 7 8 |  8.7
Axes           | 1 2 3 4 5 6 7 8 |  8.7
Maces & Flails | 1 2 3 4 5 6 7 8 |  8.7
Polearms       | 1 2 3 4 5 6 7 8 |  8.7
Staves         | 1 2 3 4 5 6 7 8 |  8.7
Slings         | 1 2 3 4 5 6 7 8 |  8.7
Bows           | 1 2 3 4 5 6 7 8 |  8.7
Crossbows      | 1 2 3 4 5 6 7 8 |  8.7
Throwing       | 1 2 3 4 5 6 7 8 |  8.7
Armour         | 1 2 3 4 5 6 7 8 |  8.7
Stealth        | 1 2 3 4 5 6 7 8 |  8.7
Shields        | 1 2 3 4 5 6 7 8 |  8.7
Evocations     | 1 2 3 4 5 6 7 8 |  8.7
Conjurations   | 1 2 3 4 5 6 7 |  7.2
Hexes          | 1 2 3 4 5 6 7 |  7.2
Charms         | 1 2 3 4 5 6 7 |  7.2
Summonings     | 1 2 3 4 5 6 7 |  7.2
Necromancy     | 1 2 3 4 5 6 7 |  7.2
Translocations | 1 2 3 4 5 6 7 |  7.2
Fire Magic     | 1 2 3 4 5 6 7 |  7.2
Ice Magic      | 1 2 3 4 5 6 7 |  7.2
Air Magic      | 1 2 3 4 5 6 7 |  7.2
Earth Magic    | 1 2 3 4 5 6 7 |  7.2
Poison Magic   | 1 2 3 4 5 6 7 |  7.2
Fighting       | 3 4 5 6 7 8 9 |  9.1
Transmutations | 4 5 6 7 8 |  8.3
Dodging        | 5 6 7 8 9 |  9.8
Unarmed Combat | 7 8 9 10 | 10.8

Action                   |  1- 3 |  4- 6 |  7- 9 | 10-12 | 13-15 || total
-------------------------+-------+-------+-------+-------+-------++-------
Melee: Spear             |    65 |       |    10 |       |       ||    75
       Bite              |    10 |     8 |    22 |    59 |    46 ||   145
       Headbutt          |     2 |       |       |     3 |     6 ||    11
       Dagger            |    83 |    43 |       |       |       ||   126
       Kick              |     4 |    15 |       |       |       ||    19
       Unarmed           |     3 |    64 |   125 |   145 |   234 ||   571
       Punch             |       |     2 |     3 |    26 |    14 ||    45
       Short sword       |       |    45 |   130 |   440 |   244 ||   859
       Mace              |       |       |    64 |       |       ||    64
       Longbow           |       |       |       |     3 |       ||     3
 Fire: Longbow           |       |       |       |   136 |    38 ||   174
Throw: Stone             |     7 |     6 |     8 |     7 |       ||    28
       Tomahawk          |       |       |       |    32 |    60 ||    92
 Cast: Beastly Appendage |     6 |     8 |       |     1 |     3 ||    18
       Spider Form       |     1 |     8 |    14 |    12 |    21 ||    56
       Sticks to Snakes  |     1 |       |     8 |       |       ||     9
       Confuse           |       |       |       |    21 |    40 ||    61
       Mephitic Cloud    |       |       |       |    14 |    36 ||    50
       Conjure Flame     |       |       |       |     4 |       ||     4
       Vampiric Draining |       |       |       |       |     4 ||     4
       Pain              |       |       |       |       |     1 ||     1
 Abil: End Transformatio |       |     1 |       |       |     6 ||     7
       Evoke Flight      |       |       |       |       |     1 ||     1
Evoke: Wand              |       |       |       |    11 |     2 ||    13
       Lamp of fire      |       |       |       |     1 |     1 ||     2
  Use: Potion            |     2 |       |       |     2 |     3 ||     7
       Scroll            |     1 |     4 |     4 |    10 |     3 ||    22
 Stab: Sleeping          |     3 |    13 |    11 |     5 |     6 ||    38
       Distracted        |       |       |     1 |       |       ||     1
       Confused          |       |       |       |    14 |    21 ||    35
  Eat: Chunk             |     4 |    11 |    10 |    22 |    21 ||    68
       Ration            |       |       |     1 |     1 |       ||     2
Armor: Robe              |    20 |     1 |       |       |       ||    21
       Animal skin       |       |    13 |    40 |       |       ||    53
       Skin              |       |     3 |     7 |    10 |     1 ||    21
       Leather armour    |       |       |     2 |    18 |    20 ||    40
       Scale mail        |       |       |       |    97 |     2 ||    99
Dodge: Dodged            |   111 |   118 |   277 |   573 |   376 ||  1455
Block: Buckler           |       |     4 |    37 |       |       ||    41
